 Dungeon Crawl Stone Soup version 0.30-a0-913-g9934a0ce24 (webtiles) character file.

Game seed: 16018020188705165096

223 Zdeegee the Covert (level 5, -1/26 HPs)
             Began as a Spriggan Brigand on Mar 19, 2023.
             Killed by nerve-wracking pain
             ... invoked by an orc priest
              (11 damage)
             ... on level 3 of the Dungeon.
             The game lasted 00:05:09 (2198 turns).

Zdeegee the Covert (Spriggan Brigand)               Turns: 2198, Time: 00:05:09

Health: -1/26      AC:  3    Str:  7    XL:     5   Next: 66%
Magic:  6/6        EV: 17    Int: 13    God:
Gold:   165        SH:  0    Dex: 18    Spells: 1/4 levels left

rFire   . . .      SeeInvis +    r - +1 dagger (venom)
rCold   . . .      Faith    .    (no shield)
rNeg    . . .      Spirit   .    b - +0 robe
rPois   .          Reflect  .    (helmet restricted)
rElec   .          Rampage  .    c - +0 cloak
rCorr   .                        (gloves unavailable)
Will    .....                    (boots unavailable)
Stlth   ++++                     (no amulet)
HPRegen 0.24/turn                (no ring)
MPRegen 0.10/turn                (no ring)

@: very quick
A: very small, no large weapons, unfitting armour, see invisible, speed 3
a: no special abilities


You were on level 3 of the Dungeon.
You visited 1 branch of the dungeon, and saw 4 of its levels.

You collected 165 gold pieces.

Inventory:

Hand Weapons
 a - a +2 dagger
 r - a +1 dagger of venom (weapon)
Missiles
 d - 9 poisoned darts
 e - 3 curare-tipped darts
Armour
 b - a +0 robe (worn)
 c - a +0 cloak (worn)
Scrolls
 f - a scroll of magic mapping {unknown}
 g - a scroll of enchant armour {unknown}
 k - a scroll of fear {unknown}
 m - 2 scrolls of blinking {unknown}
 p - a scroll of identify
 q - a scroll of teleportation {unknown}
Potions
 h - a potion of curing
 i - a potion of attraction
 j - 2 potions of haste
 l - a potion of might
 n - a potion of ambrosia {unknown}
 o - a potion of heal wounds {unknown}


   Skills:
 * Level 2.0 Fighting
 * Level 3.5 Short Blades
 + Level 2.1 Throwing
 * Level 2.7 Dodging
 * Level 8.4 Stealth
 * Level 1.2 Hexes
 * Level 1.2 Translocations
 * Level 0.8 Evocations


You had one spell level left.
You knew the following spells:

 Your Spells              Type           Power      Damage    Failure   Level
a - Confusing Touch       Hex            3%         N/A       50%         3

Your spell library contained the following spells:

 Spells                   Type           Power      Damage    Failure   Level
 Kiss of Death            Conj/Necr      0%         2d5       30%         1
 Gell's Gravitas          Tloc           3%         N/A       50%         3
 Teleport Other           Tloc           3%         N/A       50%         3
 Dispel Undead            Necr           0%         3d6       97%         4
 Dispersal                Tloc           1%         N/A       100%        6


Dungeon Overview and Level Annotations

Branches:
Dungeon (4/15)
 Temple: D:4-7

Altars:
Yredelemnul


Innate Abilities, Weirdness & Mutations

You are very small and have problems with some larger weapons.
You are too small for most types of armour.
You have supernaturally acute eyesight. (SInv)
You cover ground extremely quickly. (Speed+++)


Message History

The hobgoblin is moderately wounded.
The hobgoblin hits you but does no damage.
You hit the hobgoblin.
The hobgoblin looks as sick as possible!
The hobgoblin is almost dead.
You kill the hobgoblin!
The orc closely misses you.
You hit the orc.
The orc is poisoned.
The orc is heavily wounded.
The orc completely misses you.
You hit the orc but do no damage.
The orc looks as sick as possible!
The orc is severely wounded.
The orc misses you. The orc barely misses you.
You hit the orc.
You kill the orc!
You barely miss the orc. The orc completely misses you.
You closely miss the orc priest. The orc completely misses you.
The orc priest misses you.
You hit the orc priest but do no damage.
The orc priest is poisoned.
The orc misses you. The orc priest barely misses you.
You closely miss the orc priest. The orc barely misses you.
The orc priest mumbles some strange prayers to Beogh against you.
Beogh smites you!
Ouch! That really hurt!
You are too injured to fight recklessly!
You are too injured to fight recklessly!
The orc hits you with a +0 hand axe. The orc priest misses you.
A mysterious force pulls you upwards. The hatch slams shut behind you.
You closely miss the orc priest.
The orc priest is lightly wounded.
You hit the orc priest but do no damage.
The orc priest is lightly wounded.
The orc closely misses you. The orc priest misses you.
You closely miss the orc priest.
The orc priest is moderately wounded.
The orc closely misses you.
The orc priest invokes the aid of Beogh against you.
Pain shoots through your body!
You die...

####### #..@..######
#..oo......# #####
#..###'###.# #...#
####..# #.# #.# #...#
#.....###.###.# #...#
#.....+(._..'.# #...#
#.....#######.#
#####...###.....# ### #.#
.........##.....#######.#


You could see an orc priest (poisoned) and an orc.

Vanquished Creatures
  A scorpion (D:4)
  A hound (D:4)
  An orc wizard (D:4)
  3 adders
  A worm (D:2)
  9 orcs
  7 ball pythons
  6 endoplasms
  3 giant cockroaches (D:1)
  2 goblins (D:3)
  8 hobgoblins
  6 jackals
  3 quokkas
  3 bats
  3 frilled lizards
  6 kobolds
  4 rats
67 creatures vanquished.

Notes
Turn   | Place    | Note
-------+----------+-------------------------------------------
     0 | D:1      | Zdeegee the Spriggan Brigand began the quest for the Orb.
     0 | D:1      | Reached XP level 1. HP: 10/10 MP: 2/2
    22 | D:1      | Reached skill level 6 in Stealth
    98 | D:1      | Found a faded altar of an unknown god.
   144 | D:1      | Reached XP level 2. HP: 14/14 MP: 3/3
   494 | D:1      | Reached XP level 3. HP: 18/18 MP: 4/4
   755 | D:2      | Reached skill level 7 in Stealth
   791 | D:2      | You fall into a shaft and drop 1 floor!
  1337 | D:3      | Reached XP level 4. HP: 23/23 MP: 5/5
  1375 | D:3      | Learned a level 3 spell: Confusing Touch
  1471 | D:3      | Found a basalt altar of Yredelemnul.
  1977 | D:4      | Reached skill level 8 in Stealth
  2023 | D:4      | Noticed a scorpion
  2026 | D:4      | Killed a scorpion
  2027 | D:4      | Reached skill level 1 in Hexes
  2027 | D:4      | Reached skill level 1 in Translocations
  2027 | D:4      | Reached XP level 5. HP: 26/26 MP: 6/6
  2198 | D:3      | Killed from afar by an orc priest

Illustrated notes

Levels and vault maps discovered:
D:1:      moated_graveyard_arrival, layout_basic, ebering_ecumenical_altar_webs
D:2:      layout_rooms
D:3:      layout_basic, lemuel_doored_altar, serial_corexii_hall,
          corexii_hall_statues_x, corexii_hall_statues_l, grunt_ministairs_9
D:4:      layout_loops_cross, trog_three_pillars_becter,
          mainiacjoe_overflow_small_starburst

Skill      XL: |  1  2  3  4 |
---------------+-------------+-----
Stealth        | 6 7 8 |  8.4
Dodging        | 2 |  2.7
Fighting       | 2 |  2.0
Short Blades   | 3 |  3.5
Hexes          | 1 |  1.2
Translocations | 1 |  1.2
Throwing       | |  2.1
Evocations     | |  0.8

Action                     |  1- 3 |  4- 6 || total
---------------------------+-------+-------++-------
  Melee: Dagger            |   128 |    85 ||   213
         Punch             |     3 |     1 ||     4
  Throw: Dart              |       |     1 ||     1
    Use: Scroll            |     4 |       ||     4
   Stab: Sleeping          |    15 |     6 ||    21
         Distracted        |       |     1 ||     1
 Armour: Robe              |    11 |     5 ||    16
  Dodge: Dodged            |    78 |    67 ||   145

Table legend: (Time is in decaauts)
 A = Elapsed time spent in this place.
 B = Non-inter-level travel time spent in this place.
 C = Inter-level travel time spent in this place.
 D = Time resting spent in this place.
 E = Time spent auto-exploring this place.
 F = Levels seen in this place.
 G = Mean time per level.
                   A        B        C        D        E       F      G
               +--------+--------+--------+--------+--------+-----+--------+
         Total |   1487 |   1433 |     54 |      0 |   1014 |   4 |  371.8 |
       Dungeon |   1487 |   1433 |     54 |      0 |   1014 |   4 |  371.8 |
               +--------+--------+--------+--------+--------+-----+--------+

Top non-repeatable levels by time:
     D:1: 514 daAuts
     D:3: 448 daAuts
     D:2: 355 daAuts
     D:4: 168 daAuts
